[Event "FIDE WCCC G12 2018"]
[Site "Santiago de Compostela"]
[Date "2018.11.05"]
[Round "2"]
[White "Zhou, Lepu Coco"]
[Black "Karmanova, Olga Dm."]
[Result "1-0"]
[ECO "B40"]
[WhiteElo "1617"]
[BlackElo "1819"]
[Annotator "NA RC"]
[PlyCount "87"]
[EventDate "2018.11.04"]
[EventType "swiss"]
[EventCountry "ESP"]
[SourceTitle "playchess.com"]
[Source "ChessBase"]
[SourceQuality "1"]
[TimeControl "40/5400+30:1800+30"]

1. e4 c5 2. Nf3 e6 3. c4 Nc6 4. Nc3 Nf6 5. Be2 Nd4 {[%emt 0:04:47] LiveBook: 7 Games A34: Englische Eröffnung (Symmetrische Variante)} (5... d5 $11) (5... e5 6. d3 d6 7. O-O g6 8. a3 Bg7 9. b4 b6 10. Nd5 O-O 11. Bg5 Be6 12. Qd2 cxb4 13. axb4 {½-½ (34) Rakhmanov,A (2634)-Sjugirov,S (2654) Sochi 2018}) 6. e5 Ng8 7. O-O $146 ({Vorgänger:} 7. Nxd4 cxd4 8. Nb5 Bc5 9. Qa4 f6 10. exf6 Nxf6 11. b4 Be7 12. Nxd4 O-O 13. O-O {1-0 (40) Raahul,V (2233)-Nguyen,V (2451) Mumbai 2018}) 7... Ne7 8. d3 Nec6 9. Nxd4 cxd4 10. Nb5 Nxe5 11. Nxd4 d5 12. Qb3 Nc6 13. Nxc6 bxc6 14. Bf3 Qc7 {[%emt 0:01:40] [#]} (14... Bd6 $11 {remains equal.}) 15. cxd5 (15. Qc3 $1 $16) 15... cxd5 16. Be3 Bd6 17. h3 O-O 18. Rac1 Qe7 19. Qc3 Bb7 20. Qd2 d4 21. Bg5 f6 22. Bxb7 Qxb7 23. Bh4 Rab8 24. Qe2 e5 25. b3 Bb4 26. f4 (26. Rc4 $11) 26... exf4 27. Qe6+ Qf7 28. Qxf7+ Rxf7 29. Rc4 Bc3 30. Be1 Bb2 (30... g5 $11) 31. Rxf4 Ba3 ({Better is} 31... Re8 $14 32. Bb4 Rb7) 32. Rfxd4 Re8 33. Bf2 Re2 (33... Rb7 $16 {might work better.}) 34. Rd8+ Rf8 35. Rxf8+ Kxf8 36. Ra4 Rxa2 $2 {[%emt 0:00:18] [#]} (36... Be7 37. Kf1 (37. Bxa7 Bd6 $16) (37. Rxa7 Rc2 $18) 37... Rb2 38. Bxa7 (38. Rxa7 Rxf2+ 39. Kxf2 Bc5+ 40. Kf3 Bxa7 $15) 38... Kf7) 37. Rxa3 $1 Rxa3 38. Bc5+ Kf7 39. Bxa3 Ke6 40. Kf2 Kd5 41. Ke3 a6 42. Bf8 g6 43. Bg7 Ke5 44. g4 $18 1-0

[Event "FIDE WCCC G12 2018"]
[Site "Santiago de Compostela"]
[Date "2018.11.05"]
[Round "2"]
[White "Enkhsaran, Batsaikhan"]
[Black "Starosta, Martyna"]
[Result "1/2-1/2"]
[ECO "A48"]
[WhiteElo "1614"]
[BlackElo "1790"]
[Annotator "NA"]
[PlyCount "130"]
[EventDate "2018.11.04"]
[EventType "swiss"]
[EventCountry "ESP"]
[SourceTitle "playchess.com"]
[Source "ChessBase"]
[SourceQuality "1"]
[TimeControl "40/5400+30:1800+30"]

1. d4 Nf6 2. Nf3 g6 3. b3 Bg7 4. Bb2 d5 5. c4 c6 6. g3 O-O 7. Bg2 Nbd7 8. O-O Ne4 9. Nbd2 f5 10. Qc2 Ndf6 11. Ne5 Be6 12. Rad1 Nd7 13. Nd3 g5 14. Bh3 Rf6 15. Nxe4 fxe4 16. Bxe6+ Rxe6 17. Nc5 Rh6 18. f3 e3 19. Bc1 Nxc5 20. dxc5 Re6 21. cxd5 cxd5 22. Qf5 Re5 23. Qg4 Qf8 24. Bb2 Rf5 25. Bxg7 Kxg7 26. Qd4+ Qf6 27. Qxe3 Rd8 28. b4 Re5 29. Qd3 d4 30. Qc4 a6 31. Rd2 Re3 32. Rc1 Qe5 33. a4 Ra3 34. Rd3 Rxa4 35. Kf2 a5 36. Rb1 Rd5 37. Qb5 Ra2 38. Re1 axb4 39. Qxb4 Rxc5 40. Rxd4 Rb5 41. Qc4 Rc2 42. Qxc2 Qxd4+ 43. Kf1 Rb2 44. Qf5 Qe3 45. f4 h6 46. fxg5 hxg5 47. Qg4 Rb6 48. Kg2 Rf6 49. Rf1 Rxf1 50. Kxf1 Kf6 51. h4 gxh4 52. Qxh4+ Qg5 53. Qd4+ Kg6 54. Kg2 b5 55. Qe4+ Kf6 56. Qc6+ Kf7 57. Qf3+ Kg7 58. Qc3+ Kh7 59. Qc2+ Kh6 60. Qc6+ Kg7 61. Qc3+ Kg8 62. Qb3+ Kf8 63. Qf3+ Kg7 64. Qc3+ Kg6 65. Qc6+ Kf7 1/2-1/2

[Event "FIDE WCCC G12 2018"]
[Site "Santiago de Compostela"]
[Date "2018.11.05"]
[Round "2"]
[White "Pang, Ashley"]
[Black "Munkhzul, Davaakhuu"]
[Result "0-1"]
[ECO "B40"]
[WhiteElo "1604"]
[BlackElo "1781"]
[Annotator "NA RC"]
[PlyCount "80"]
[EventDate "2018.11.04"]
[EventType "swiss"]
[EventCountry "ESP"]
[SourceTitle "playchess.com"]
[Source "ChessBase"]
[SourceQuality "1"]
[TimeControl "40/5400+30:1800+30"]

1. e4 c5 2. Nf3 e6 3. d4 cxd4 4. Nxd4 Nf6 5. Nc3 Nc6 6. Ndb5 Bb4 7. a3 Bxc3+ 8. Nxc3 d5 9. exd5 exd5 10. Bd3 O-O 11. O-O Bg4 12. f3 Be6 13. Bg5 Ne5 14. Bxf6 Qxf6 15. f4 Ng4 16. Qf3 d4 17. Ne2 Ne3 18. Rfe1 Bd5 19. Be4 Bxe4 20. Qxe4 Rfe8 21. Qd3 Qc6 22. Qxe3 Rxe3 23. Nxd4 Rxe1+ 24. Rxe1 Qb6 25. c3 Qxb2 26. Nf5 Qxc3 27. Re3 Qc5 28. Ne7+ Kf8 29. Kf2 Re8 30. Kf3 Rxe7 31. Rd3 Qc6+ 32. Kg3 Qg6+ 33. Kh4 Qxd3 34. g4 Re3 35. g5 Rh3+ 36. Kg4 Qf3+ 37. Kf5 Qd5+ 38. Kg4 h5+ 39. Kxh3 Qf3+ 40. Kh4 Qg4# 0-1

[Event "FIDE WCCC G12 2018"]
[Site "Santiago de Compostela"]
[Date "2018.11.05"]
[Round "2"]
[White "Ke, Rianne"]
[Black "Sheikh, Anum"]
[Result "1/2-1/2"]
[ECO "B40"]
[WhiteElo "1600"]
[BlackElo "1770"]
[Annotator "NA RC"]
[PlyCount "96"]
[EventDate "2018.11.04"]
[EventType "swiss"]
[EventCountry "ESP"]
[SourceTitle "playchess.com"]
[Source "ChessBase"]
[SourceQuality "1"]
[TimeControl "40/5400+30:1800+30"]

1. e4 c5 2. Nf3 e6 3. d4 cxd4 4. Nxd4 Nf6 5. Bd3 d6 6. O-O Be7 7. c4 O-O 8. Nc3 a6 9. Qe2 Nbd7 10. f4 Qc7 11. Be3 Nc5 12. Bc2 b6 13. b4 Ncd7 14. Rac1 Bb7 15. Bd3 Qd8 16. a3 Rc8 17. f5 e5 18. Nb3 Re8 19. g4 h6 20. Nd5 Nxd5 21. cxd5 Nb8 22. Rxc8 Bxc8 23. Qd2 Kh7 24. Rf3 Rh8 25. Nc1 Kg8 26. Bf1 Nd7 27. Qc2 Bb7 28. Rg3 Bh4 29. Rg2 Be7 30. Qc3 Nf6 31. Qd3 Ne8 32. Ne2 Bg5 33. Nc3 b5 34. a4 bxa4 35. Nxa4 Nc7 36. Bb6 Qd7 37. Bxc7 Qxc7 38. Rc2 Qb8 39. Qc3 Bd8 40. Qe3 Kh7 41. Bd3 Re8 42. Qf2 Bc8 43. Qd2 Bd7 44. Nb2 Qa7+ 45. Kg2 Bg5 46. Qe2 Rb8 47. Bxa6 Rxb4 48. Bd3 Qd4 1/2-1/2

[Event "FIDE WCCC G12 2018"]
[Site "Santiago de Compostela"]
[Date "2018.11.05"]
[Round "2"]
[White "Menon, Gauri"]
[Black "Wagner, Margarethe"]
[Result "1/2-1/2"]
[ECO "A05"]
[WhiteElo "1592"]
[BlackElo "1766"]
[Annotator "NA RC"]
[PlyCount "109"]
[EventDate "2018.11.04"]
[EventType "swiss"]
[EventCountry "ESP"]
[SourceTitle "playchess.com"]
[Source "ChessBase"]
[SourceQuality "1"]
[TimeControl "40/5400+30:1800+30"]

1. Nf3 Nf6 2. g3 e6 3. Bg2 d5 4. d4 Nbd7 5. Nbd2 c5 6. c4 cxd4 7. Nxd4 e5 8. N4b3 d4 9. Ne4 Qc7 10. Nxf6+ Nxf6 11. Qd3 Be6 12. Nd2 Bb4 13. b3 Bc3 14. Rb1 Qd7 15. O-O Bf5 16. Ne4 O-O 17. Nxf6+ gxf6 18. Be4 Bg6 19. Bh6 f5 20. Qf3 Rfb8 21. g4 f4 22. Kh1 Qe7 23. g5 Qd7 24. Rg1 Bb4 25. Rbd1 a5 26. e3 fxe3 27. fxe3 Be7 28. exd4 exd4 29. Rgf1 Ra6 30. Bxg6 Rxg6 31. Qxf7+ Kh8 32. Qf4 Qc6+ 33. Kg1 Re8 34. Qxd4+ Kg8 35. Qd5+ Qxd5 36. Rxd5 Bb4 37. Rd7 Bc5+ 38. Kh1 b6 39. h4 Rge6 40. Rg7+ Kh8 41. Rgf7 Re4 42. R7f4 Re2 43. Bf8 Rxa2 44. Bxc5 bxc5 45. Rf8+ Rxf8 46. Rxf8+ Kg7 47. Rc8 Rb2 48. Rxc5 Rxb3 49. Rxa5 Rh3+ 50. Kg2 Rxh4 51. Rc5 Kg6 52. Kg3 Rd4 53. Kf3 Rh4 54. Kg3 Rd4 55. Kf3 1/2-1/2

[Event "FIDE WCCC G12 2018"]
[Site "Santiago de Compostela"]
[Date "2018.11.05"]
[Round "2"]
[White "Toth, Manoush"]
[Black "Dakic, Marta"]
[Result "0-1"]
[ECO "C41"]
[WhiteElo "1576"]
[BlackElo "1756"]
[Annotator "NA RC"]
[PlyCount "48"]
[EventDate "2018.11.04"]
[EventType "swiss"]
[EventCountry "ESP"]
[SourceTitle "playchess.com"]
[Source "ChessBase"]
[SourceQuality "1"]
[TimeControl "40/5400+30:1800+30"]

1. e4 e5 2. Nf3 d6 3. d4 exd4 4. Nxd4 Nf6 5. Nc3 Be7 6. Be2 O-O 7. O-O Re8 8. Kh1 c6 9. Bg5 Nxe4 10. Nxe4 Bxg5 11. Nxg5 Qxg5 12. Nf3 Qf6 13. c3 Nd7 14. Re1 Ne5 15. Bc4 Bg4 16. Be2 Nxf3 17. Bxf3 Rxe1+ 18. Qxe1 Bxf3 19. gxf3 Qxf3+ 20. Kg1 Kf8 21. Rd1 Re8 22. Qd2 Re6 23. Qd4 c5 24. Qd5 Re1+ {[%emt 0:00:15] Rd3 Re2} 0-1

[Event "FIDE WCCC G12 2018"]
[Site "Santiago de Compostela"]
[Date "2018.11.05"]
[Round "2"]
[White "Mellor, Jessica"]
[Black "Mihelic, Vesna"]
[Result "0-1"]
[ECO "C54"]
[WhiteElo "1555"]
[BlackElo "1741"]
[Annotator "NA RC"]
[PlyCount "88"]
[EventDate "2018.11.04"]
[EventType "swiss"]
[EventCountry "ESP"]
[SourceTitle "playchess.com"]
[Source "ChessBase"]
[SourceQuality "1"]
[TimeControl "40/5400+30:1800+30"]

1. e4 e5 2. Nf3 Nc6 3. Bc4 Bc5 4. c3 Nf6 5. d3 a6 6. d4 exd4 7. cxd4 Bb4+ 8. Bd2 Nxe4 9. Bxb4 Nxb4 10. Bxf7+ Kxf7 11. Qb3+ Kf8 12. Qxb4+ Qe7 13. Qxe7+ Kxe7 14. Nc3 Nxc3 15. bxc3 d6 16. Kd2 Be6 17. Rhe1 Kd7 18. Re3 Rae8 19. a3 Rhf8 20. Rae1 h6 21. Ke2 Bg4 22. h3 Bxf3+ 23. gxf3 Rf7 24. Rxe8 Kxe8 25. Kd3+ Kd7 26. Re3 Rf4 27. Ke2 Rh4 28. f4 Rxf4 29. Rg3 g5 30. Rf3 Ke6 31. Re3+ Kd5 32. Re7 Re4+ 33. Rxe4 Kxe4 34. f3+ Kf4 35. Kf2 c5 36. dxc5 dxc5 37. a4 b5 38. axb5 axb5 39. Ke2 b4 40. c4 h5 41. h4 gxh4 42. Kf2 b3 43. Kg2 b2 44. Kh1 Kg3 0-1

[Event "FIDE WCCC G12 2018"]
[Site "Santiago de Compostela"]
[Date "2018.11.05"]
[Round "2"]
[White "Abdala Cancino, Patricia Anastas"]
[Black "Volovich, Julia"]
[Result "0-1"]
[ECO "C00"]
[WhiteElo "1551"]
[BlackElo "1735"]
[Annotator "NA RC"]
[PlyCount "90"]
[EventDate "2018.11.04"]
[EventType "swiss"]
[EventCountry "ESP"]
[SourceTitle "playchess.com"]
[Source "ChessBase"]
[SourceQuality "1"]
[TimeControl "40/5400+30:1800+30"]

1. e4 e6 2. d3 d5 3. Nd2 c5 4. g3 Bd6 5. Bg2 Ne7 6. Ngf3 Nbc6 7. O-O O-O 8. Re1 b5 9. e5 Bc7 10. Nf1 Bb7 11. h4 Ng6 12. Bf4 Nxf4 13. gxf4 f6 14. Bh3 Bc8 15. Ng3 fxe5 16. fxe5 Qe7 17. Qe2 Bd7 18. Kh2 Rf4 19. Nh5 Rxf3 20. Qxf3 Nxe5 21. Rxe5 Bxe5+ 22. Kh1 Qxh4 23. Qg4 Qxg4 24. Bxg4 g6 25. Ng3 Bxb2 26. Re1 Kf7 27. Nf1 Re8 28. Ne3 Bd4 29. Nd1 b4 30. Re2 h5 31. Bh3 g5 32. Ne3 Bxe3 33. Rxe3 g4 34. Bf1 Kf6 35. Kh2 h4 36. Be2 Rg8 37. Bd1 Kf5 38. Kg2 Kf4 39. Re1 Rg6 40. Rh1 Rh6 41. Kf1 e5 42. Kg2 h3+ 43. Kh2 Ra6 44. Rg1 Rxa2 45. Rg3 b3 0-1

[Event "FIDE WCCC G12 2018"]
[Site "Santiago de Compostela"]
[Date "2018.11.05"]
[Round "2"]
[White "Berezovsky, Fiorina"]
[Black "Hernandez Tellez, Claudia"]
[Result "1-0"]
[ECO "B31"]
[WhiteElo "1492"]
[BlackElo "1721"]
[Annotator "NA RC"]
[PlyCount "95"]
[EventDate "2018.11.04"]
[EventType "swiss"]
[EventCountry "ESP"]
[SourceTitle "playchess.com"]
[Source "ChessBase"]
[SourceQuality "1"]
[TimeControl "40/5400+30:1800+30"]

1. e4 c5 2. Nf3 Nc6 3. Bb5 g6 4. Bxc6 bxc6 5. d4 cxd4 6. Qxd4 Nf6 7. e5 Nd5 8. e6 f6 9. exd7+ Qxd7 10. O-O Bg7 11. Nc3 e5 12. Re1 Nxc3 13. Qxc3 O-O 14. Be3 Qc7 15. Rad1 Be6 16. Bc5 Rfd8 17. Bb4 Rxd1 18. Rxd1 Bf5 19. Qc4+ Kh8 20. h3 Bf8 21. Bxf8 Rxf8 22. Qc5 Rc8 23. c3 Be4 24. Qe3 Bf5 25. g4 Be6 26. b3 c5 27. c4 g5 28. Qd3 Qc6 29. Nd2 Kg7 30. Ne4 Re8 31. Qe3 Qa6 32. Nxc5 Qxa2 33. Nxe6+ Rxe6 34. Rd7+ Kg8 35. Qd3 Qa1+ 36. Kh2 e4 37. Rd8+ Kf7 38. Qd7+ Re7 39. Qd5+ Kg6 40. Qg8+ Kh6 41. Qf8+ Rg7 42. Rd7 Qe5+ 43. Kg2 f5 44. Rd6+ Qxd6 45. Qxd6+ Rg6 46. Qf8+ Rg7 47. gxf5 e3 48. f6 1-0

[Event "FIDE WCCC G12 2018"]
[Site "Santiago de Compostela"]
[Date "2018.11.08"]
[Round "4"]
[White "Van Foreest, Machteld"]
[Black "Minaeva, Juliana"]
[Result "1-0"]
[ECO "B54"]
[WhiteElo "2003"]
[BlackElo "1608"]
[Annotator "NA"]
[PlyCount "75"]
[EventDate "2018.11.04"]
[EventType "swiss"]
[EventCountry "ESP"]
[SourceTitle "playchess.com"]
[Source "ChessBase"]
[SourceQuality "1"]
[TimeControl "40/5400+30:1800+30"]

1. e4 c5 2. Nf3 d6 3. d4 cxd4 4. Nxd4 e5 5. Bb5+ Bd7 {[%emt 0:00:23] B54: Sicilian: 2...d6 3 d4 cxd4 4 Nxd4, Unusual Lines} 6. Bxd7+ Qxd7 7. Nf5 {[%emt 0:03:47] LiveBook: 8 Games} (7. Ne2 Qg4 8. O-O Qxe4 9. Nbc3 Qc6 10. f4 Nd7 11. Ng3 Ngf6 12. Kh1 h5 13. h3 {0-1 (27) Grischuk,A (2710)-Grachev,B (2583) playchess.com INT 2006}) 7... Qc6 8. Nc3 Nf6 9. f3 g6 $146 ({Predecessor:} 9... Nbd7 10. Bg5 h6 11. Bxf6 Nxf6 12. Qd3 g6 13. Ne3 {0-1 (53) Bednay,D (2301)-Emodi,B (2361) Hungary 2008}) 10. Ne3 Be7 11. O-O Nbd7 12. Ned5 Bd8 13. Bh6 Rc8 14. Bg7 $2 {[%emt 0:12:52] [#]} (14. Ne3 $16 {und es läuft.}) 14... Rg8 $2 (14... Nxd5 $1 $17 {stays on course.} 15. Nxd5 (15. Qxd5 Rg8 $17) 15... Rg8) 15. Bxf6 $1 Nxf6 16. Nxf6+ Bxf6 17. Nd5 Be7 18. c3 f5 (18... Rg7 $16 {might work better.} 19. f4 Qc4) 19. Qd2 (19. f4 $18 {bietet bessere Gewinnchancen.}) 19... f4 20. Rad1 ({White should try} 20. g3 $16) 20... g5 21. Kh1 h5 22. b3 Qd7 23. Qf2 b6 24. Qe2 Kf7 25. c4 Rg6 26. b4 Qe6 27. c5 bxc5 28. Qa6 Qd7 29. bxc5 Rxc5 {[%emt 0:03:07] [#]} 30. Rb1 $1 Rc6 31. Rb7 Rxa6 32. Rxd7 Re6 33. Rb1 Rxa2 34. h3 a5 35. Rbb7 a4 $18 (35... Ra1+ $16 36. Kh2 g4 37. hxg4 (37. Rxe7+ Rxe7 38. Rxe7+ Kg6 $18) 37... hxg4 38. Rxe7+ Rxe7 39. Rxe7+ Kg6) 36. Nxe7 Ke8 37. Nd5 a3 38. Rh7 1-0

[Event "FIDE WCCC G12 2018"]
[Site "Santiago de Compostela"]
[Date "2018.11.08"]
[Round "4"]
[White "Vicze, Kata"]
[Black "Voriskova, Anna"]
[Result "1/2-1/2"]
[ECO "B56"]
[WhiteElo "1828"]
[BlackElo "1601"]
[Annotator "NA RC"]
[PlyCount "76"]
[EventDate "2018.11.04"]
[EventType "swiss"]
[EventCountry "ESP"]
[SourceTitle "playchess.com"]
[Source "ChessBase"]
[SourceQuality "1"]
[TimeControl "40/5400+30:1800+30"]

1. e4 c5 2. Nf3 d6 3. d4 cxd4 4. Nxd4 Nf6 5. Nc3 Nc6 6. f3 e5 7. Nb3 Be6 8. Nd5 Bxd5 {[%emt 0:13:57] LiveBook: 36 Games B56: Classical Sicilian: Unusual Lines} ({Much worse is} 8... Nxe4 $6 9. fxe4 Qh4+ 10. Kd2 $16) 9. exd5 Ne7 (9... Nb8 10. Be3 Be7 11. c4 O-O 12. Bd3 Nbd7 13. O-O Nh5 14. Qd2 f5 15. Na5 Qc7 16. b4 e4 17. fxe4 f4 18. Bd4 Bf6 {½-½ (58) Kaczur,F (2459)-Demchenko,A (2671) Lisbon 2018}) 10. Bb5+ Nd7 11. Be3 a6 $146 ({Predecessor:} 11... g6 12. h4 Bg7 13. h5 O-O 14. hxg6 fxg6 15. Qd2 Nf6 16. O-O-O {½-½ (35) Andras,T (2059)-Manik,M (2405) Stara Lubovna 2011}) 12. Bxd7+ Qxd7 13. c4 Ng6 14. O-O Be7 15. Qe2 O-O 16. Rac1 Rac8 17. Nd2 Qd8 18. Rfd1 f5 19. b4 b6 20. Bf2 Nf4 21. Qf1 Rf6 (21... Bg5 $15) 22. g3 Rg6 23. Kh1 Nh5 24. Qh3 (24. c5 $16) 24... Qf8 $1 25. a4 (25. Bxb6 $2 Nxg3+ 26. hxg3 Rh6 $17) 25... Rh6 26. Qg2 Qd8 27. Nb3 {[%emt 0:03:16] [#]} (27. c5 $11) 27... a5 (27... f4 $1 $17 28. g4 Ng3+ 29. Bxg3 fxg3 30. Qxg3 Bg5) 28. bxa5 bxa5 29. Nd2 Bg5 30. Be1 Qd7 31. Ra1 Bxd2 32. Bxd2 Rg6 33. Qh3 Nf6 34. Rdc1 e4 35. fxe4 (35. Qf1 $11 {remains equal.}) 35... Nxe4 36. Be1 Rf6 37. Rc2 Rc5 (37... Qe8 $17 38. Qg2 Rf7) 38. Qg2 Rf8 $15 1/2-1/2

[Event "FIDE WCCC G12 2018"]
[Site "Santiago de Compostela"]
[Date "2018.11.08"]
[Round "4"]
[White "Shuqja, Klean"]
[Black "Mihelic, Vesna"]
[Result "1/2-1/2"]
[ECO "C96"]
[WhiteElo "1798"]
[BlackElo "1741"]
[Annotator "NA"]
[PlyCount "62"]
[EventDate "2018.11.04"]
[EventType "swiss"]
[EventCountry "ESP"]
[SourceTitle "playchess.com"]
[Source "ChessBase"]
[SourceQuality "1"]
[TimeControl "40/5400+30:1800+30"]

1. e4 e5 2. Nf3 Nc6 3. Bb5 a6 4. Ba4 Nf6 5. O-O b5 6. Bb3 d6 7. Re1 Be7 8. c3 O-O 9. h3 Na5 10. Bc2 c5 11. d3 Qc7 12. Nbd2 Bd7 13. Nf1 Nb7 14. Ng3 a5 15. Nh2 d5 16. Qf3 dxe4 17. dxe4 Nd6 18. Ng4 Nxg4 19. hxg4 Rfe8 20. Nf5 Bf8 21. g5 Nxf5 22. exf5 Bc6 23. Qg4 Bd7 24. Re3 Qc8 25. Rh3 e4 26. g6 Bxf5 27. gxf7+ Kxf7 28. Qh5+ Bg6 29. Qd5+ Qe6 30. Qb7+ Kg8 31. Qxb5 Kh8 1/2-1/2

[Event "FIDE WCCC G12 2018"]
[Site "Santiago de Compostela"]
[Date "2018.11.08"]
[Round "4"]
[White "Zvereva, Margarita"]
[Black "Volovich, Julia"]
[Result "1/2-1/2"]
[ECO "C15"]
[WhiteElo "1787"]
[BlackElo "1735"]
[Annotator "NA RC"]
[PlyCount "120"]
[EventDate "2018.11.04"]
[EventType "swiss"]
[EventCountry "ESP"]
[SourceTitle "playchess.com"]
[Source "ChessBase"]
[SourceQuality "1"]
[TimeControl "40/5400+30:1800+30"]

1. e4 e6 2. d4 d5 3. Nc3 Bb4 4. exd5 exd5 5. Bd3 Nc6 6. Nge2 Nge7 7. O-O Bf5 8. Bxf5 Nxf5 9. Qd3 Qd7 10. Bf4 O-O-O 11. Nb5 Nd6 12. c3 Nxb5 13. Qxb5 Be7 14. a4 g5 15. Bd2 f5 16. f4 Rhg8 17. Qd3 Rdf8 18. b4 Rg6 19. a5 Rfg8 20. Rf2 Nd8 21. b5 c5 22. bxc6 Rxc6 23. Rc1 g4 24. c4 Nf7 25. Rff1 Kb8 26. c5 Bh4 27. Rb1 Ka8 28. Rb3 Rb8 29. Rfb1 Qc8 30. Nc3 Qd7 31. a6 b6 32. Na4 Bd8 33. Ba5 Qe6 34. cxb6 axb6 35. Qb5 Bc7 36. Bd2 Ka7 37. Re1 Qd7 38. Rc3 Rd6 39. Qb4 Nd8 40. Rec1 Rc8 41. Qb3 Rc6 42. Rxc6 Nxc6 43. Qd3 Bd8 44. Nc3 Ka8 45. Nb5 Na5 46. Rxc8+ Qxc8 47. Nd6 Qe6 48. Nxf5 Nc4 49. Ne3 Nxd2 50. Qxd2 h5 51. Kf2 Qe4 52. g3 Ka7 53. Qd1 Bf6 54. Nc2 h4 55. Qe2 Bxd4+ 56. Nxd4 Qxd4+ 57. Kf1 Qa1+ 58. Kf2 Qd4+ 59. Kf1 Qa1+ 60. Kf2 Qd4+ 1/2-1/2

[Event "FIDE WCCC G12 2018"]
[Site "Santiago de Compostela"]
[Date "2018.11.08"]
[Round "4"]
[White "Nurmanova, Alua"]
[Black "Baalla, Nura"]
[Result "1/2-1/2"]
[ECO "C05"]
[WhiteElo "1780"]
[BlackElo "1565"]
[Annotator "NA RC"]
[PlyCount "67"]
[EventDate "2018.11.04"]
[EventType "swiss"]
[EventCountry "ESP"]
[SourceTitle "playchess.com"]
[Source "ChessBase"]
[SourceQuality "1"]
[TimeControl "40/5400+30:1800+30"]

1. e4 e6 2. d4 d5 3. Nd2 Nf6 4. e5 Nfd7 5. Bd3 c5 6. c3 Nc6 7. Ngf3 Qb6 8. O-O cxd4 9. cxd4 Nxd4 10. Nxd4 Qxd4 11. Nf3 Qb6 12. Qa4 g6 13. Rb1 Qb4 14. Qc2 Bg7 15. a3 Qc5 16. Qa4 O-O 17. Be3 Qe7 18. Bd4 Nc5 19. Qb4 b6 20. Rfc1 f6 21. exf6 Bxf6 22. Bxc5 bxc5 23. Qxc5 Rb8 24. Qxe7 Bxe7 25. Nd4 Bf6 26. Nc6 Rb3 27. Be2 Bd7 28. Na5 Rxb2 29. Rxb2 Bxb2 30. Rc7 Ba4 31. Bg4 Rf6 32. Rxa7 h5 33. Bf3 Bc2 34. Nc6 1/2-1/2

[Event "FIDE WCCC G12 2018"]
[Site "Santiago de Compostela"]
[Date "2018.11.08"]
[Round "4"]
[White "Butenandt, Svenja"]
[Black "Cai, Jinru"]
[Result "1/2-1/2"]
[ECO "E93"]
[WhiteElo "1775"]
[BlackElo "1578"]
[Annotator "NA RC"]
[PlyCount "101"]
[EventDate "2018.11.04"]
[EventType "swiss"]
[EventCountry "ESP"]
[SourceTitle "playchess.com"]
[Source "ChessBase"]
[SourceQuality "1"]
[TimeControl "40/5400+30:1800+30"]

1. d4 g6 2. c4 Nf6 3. Nc3 Bg7 4. e4 d6 5. Nf3 O-O 6. Be2 e5 7. d5 Nbd7 8. O-O Ne8 9. Qc2 f5 10. exf5 gxf5 11. Bg5 Ndf6 12. b4 h6 13. Bd2 Nh7 14. Qc1 Qf6 15. c5 e4 16. Ne1 f4 17. Rb1 Bf5 18. Rb3 f3 19. Bc4 Qg6 20. Kh1 fxg2+ 21. Nxg2 Bg4 22. Be2 Bf3 23. Bxf3 exf3 24. Ne1 Qh5 25. Rg1 Kh8 26. Ne4 Qxd5 27. Ng3 dxc5 28. bxc5 Nef6 29. Rd3 Ng4 30. Be3 Qxa2 31. Nh5 Nxe3 32. Qxe3 Rae8 33. Qc1 Qb2 34. Nxf3 Qxc1 35. Rxc1 Nf6 36. Nxg7 Kxg7 37. Rg1+ Kh7 38. Nh4 Rg8 39. Rf3 Rxg1+ 40. Kxg1 Kg7 41. Ra3 a6 42. c6 b6 43. Rxa6 Re4 44. Nf5+ Kg6 45. Ne3 Re6 46. Nc4 Kf5 47. Ne3+ Ke4 48. Ra4+ Kf3 49. Rh4 h5 50. Rh3+ Ke4 51. Rh4+ {[%emt 0:01:12] Kd5} 1/2-1/2

[Event "FIDE WCCC G12 2018"]
[Site "Santiago de Compostela"]
[Date "2018.11.08"]
[Round "4"]
[White "Sevcikova, Lucia"]
[Black "Wagner, Margarethe"]
[Result "1-0"]
[ECO "E32"]
[WhiteElo "1768"]
[BlackElo "1766"]
[Annotator "NA RC"]
[PlyCount "95"]
[EventDate "2018.11.04"]
[EventType "swiss"]
[EventCountry "ESP"]
[SourceTitle "playchess.com"]
[Source "ChessBase"]
[SourceQuality "1"]
[TimeControl "40/5400+30:1800+30"]

1. d4 Nf6 2. c4 e6 3. Nc3 Bb4 4. Qc2 b6 5. e4 Bb7 6. f3 d6 7. Qa4+ Nc6 8. d5 exd5 9. cxd5 Bxc3+ 10. bxc3 a6 11. dxc6 b5 12. Qd4 Bxc6 13. Bg5 Qe7 14. Bxf6 gxf6 15. Ne2 Rg8 16. Kf2 Qe5 17. Qxe5+ fxe5 18. Ng3 Bd7 19. Nf5 Bxf5 20. exf5 Rb8 21. Bd3 d5 22. f6 h6 23. Rae1 Kd7 24. Rxe5 Kd6 25. Rhe1 Rbf8 26. h4 Rh8 27. Re7 h5 28. Bf5 Rh6 29. Rd7+ Kc6 30. Ree7 Rxf6 31. Rxc7+ Kb6 32. Bc2 Rc6 33. Rxc6+ Kxc6 34. Re5 Kc5 35. Rxh5 Kc4 36. Bb3+ Kxc3 37. Rxd5 Rh8 38. g3 Kb4 39. Rf5 a5 40. Bxf7 a4 41. h5 a3 42. Bb3 Rh6 43. g4 Rh8 44. Rf6 Kc3 45. Rc6+ Kd4 46. Re6 Kc3 47. h6 Rh7 48. g5 1-0

[Event "FIDE WCCC G12 2018"]
[Site "Santiago de Compostela"]
[Date "2018.11.08"]
[Round "4"]
[White "Dakic, Marta"]
[Black "Kairbekova, Amina"]
[Result "0-1"]
[ECO "C00"]
[WhiteElo "1756"]
[BlackElo "1939"]
[Annotator "NA RC"]
[PlyCount "134"]
[EventDate "2018.11.04"]
[EventType "swiss"]
[EventCountry "ESP"]
[SourceTitle "playchess.com"]
[Source "ChessBase"]
[SourceQuality "1"]
[TimeControl "40/5400+30:1800+30"]

1. e4 e6 2. Qe2 Nc6 3. Nf3 e5 4. g3 g6 {[%emt 0:00:18] C00: Französische Verteidigung (Seltene Züge)} (4... d6 5. Bg2 g6 6. O-O Bg7 7. c3 Nge7 8. b4 a6 9. a4 O-O 10. d3 h6 11. Bb2 Be6 12. Nbd2 {½-½ (52) Zvjaginsev,V (2643)-Usmanov,V (2459) Sochi 2017}) 5. Bg2 Bg7 6. d3 Nge7 7. c3 $146 ({Vorgänger:} 7. O-O O-O 8. c3 d6 9. Na3 f5 10. Bg5 f4 11. d4 h6 12. Bxe7 Qxe7 {½-½ (75) Liu,C (2361)-Alvarez Pedraza,A (2484) Barbera del Valles 2016}) 7... O-O 8. Qc2 d5 9. O-O a5 10. a4 d4 11. Nbd2 h6 12. Nc4 Be6 13. Nfd2 Qd7 14. Na3 dxc3 15. Qxc3 $2 (15. bxc3 $11 Rfd8 16. Nb5) 15... Rfd8 16. Nb5 Rac8 17. Nb3 Bxb3 ({Inferior is} 17... Qxd3 18. Qxd3 Rxd3 19. Nc5 $14) ({Black should try} 17... b6 $19 18. Rd1 Bg4) 18. Qxb3 Qxd3 19. Qa2 ({Better is} 19. Qxd3 $15 Rxd3 20. Be3) 19... Nb4 20. Qa3 c6 (20... Qd7 $17 21. Qc3 Nec6) 21. Qxd3 $1 Rxd3 22. Nc3 (22. Na3 $1 $11 {was the only way to keep the balance.}) 22... Nc2 23. Rb1 Rcd8 24. f3 Nc8 25. Rf2 Nb4 (25... Nd4 $19 26. f4 exf4 27. Bxf4 Ne6) 26. Bf1 R3d7 27. Bh3 Rd6 28. Bf1 Nd3 29. Rd2 Nxc1 30. Rxd6 Rxd6 31. Rxc1 Nb6 32. Rc2 Rd4 33. b3 Rb4 34. Rb2 Bf8 35. Rb1 Kg7 36. Be2 f5 37. Kf2 fxe4 38. fxe4 Bc5+ 39. Ke1 Rd4 40. Kf1 Bb4 41. Rc1 Bxc3 42. Rxc3 Rxe4 43. Rc5 Kf6 44. Rxa5 Rb4 45. Bd1 Nd5 46. Kf2 e4 47. Rc5 (47. Ra8 $142) 47... Ke5 48. Bc2 $2 (48. Ra5) 48... Kd4 49. Rc4+ Rxc4 50. bxc4 Nb4 51. Bb1 Nd3+ 52. Ke2 Ne5 53. Bc2 Nxc4 54. h3 g5 55. Bb1 Ne3 56. Ba2 Nf5 57. g4 Ne3 58. Be6 Nd5 59. Ke1 Nf4 60. Bc8 b6 61. Bb7 c5 62. Ba6 c4 $19 (62... Nxh3 $142 63. Bf1 Nf4 64. Kd2 c4 65. Kc2 e3 66. Kd1 {[#]} e2+ $1 67. Bxe2 Nxe2 68. Kd2 Nf4 69. a5 c3+ 70. Kc2 bxa5 71. Kb3 Kd3 72. Ka3 c2 73. Ka4 c1=Q 74. Kb5 Nd5 75. Ka6 Qc4+ 76. Kxa5 Qb4+ 77. Ka6 Qb6#) 63. Bb5 c3 64. Kd1 e3 65. a5 bxa5 66. Ba4 e2+ 67. Ke1 Ke3 0-1